 Dungeon Crawl Stone Soup version 0.31-a0-232-gb1c03b2570 (webtiles) character file.

Game seed: 10971393476048806886

581 qw the Shooter (level 7, 0/59 HPs)
             Began as a Minotaur Hexslinger on July 7, 2023.
             Slain by Duvessa
             ... wielding a +0 short sword
              (6 damage)
             ... on level 5 of the Dungeon.
             The game lasted 00:01:13 (3816 turns).

qw the Shooter (Minotaur Hexslinger)                Turns: 3816, Time: 00:01:14

Health: 0/59       AC:  7    Str: 13    XL:     7   Next: 14%
Magic:  0/7        EV: 11    Int: 10    God:
Gold:   273        SH:  0    Dex: 14    Spells: 7/8 levels left

rFire   . . .        Y - +2 sling (freeze)
rCold   . . .        (no shield)
rNeg    . . .        d - +0 ring mail
rPois   +            (helmet restricted)
rElec   .            c - +0 cloak
rCorr   .            (no gloves)
SInv    .            h - +0 pair of boots
Will    .....        e - amulet of guardian spirit
Stlth   +            g - ring of poison resistance
HPRegen 0.29/turn    (no ring)
MPRegen 0.10/turn

%: guardian spirit
@: lit by a corona, glowing
A: horns 2, retaliatory headbutt
a: no special abilities


You were on level 5 of the Dungeon.
You visited 1 branch of the dungeon, and saw 5 of its levels.

You collected 273 gold pieces.


Innate Abilities, Weirdness & Mutations

You have a pair of horns on your head.
You reflexively headbutt those who attack you in melee.


   Skills:
 - Level 4.2 Fighting
 + Level 7.4 Ranged Weapons
 - Level 2.0 Armour
 - Level 2.1 Dodging
 - Level 1.0 Spellcasting
 - Level 2.0 Hexes


You had 7 spell levels left.
You knew the following spells:

 Your Spells              Type           Power      Damage    Failure   Level
a - Slow                  Hex            16%        N/A       32%         1

Your spell library contained the following spells:

 Spells                   Type           Power      Damage    Failure   Level
 Inner Flame              Hex/Fire       2%         N/A       82%         3
 Portal Projectile        Hex/Tloc       4%         N/A       82%         3
 Cause Fear               Hex            2%         N/A       97%         4

Inventory:

Hand Weapons
 Y - a +2 sling of freezing (weapon)
Armour
 c - a +0 cloak (worn)
 d - a +0 ring mail (worn)
 h - a +0 pair of boots (worn)
Jewellery
 e - an amulet of guardian spirit (around neck)
 g - a ring of poison resistance (left hand)
 j - a ring of fire
Scrolls
 i - a scroll of identify
 k - a scroll of butterflies {unknown}
 l - a scroll of torment {unknown}
Potions
 a - a potion of haste
 b - a potion of curing
 f - a potion of cancellation
 m - a potion of brilliance {unknown}

Dungeon Overview and Level Annotations

Branches:
Dungeon (5/15)
 Temple: D:4-7

Altars:
Ashenzari
The Shining One

Annotations:
D:5 Dowan, Duvessa


Message History

The sling bullet closely misses Duvessa.
Duvessa completely misses you.
You shoot a sling bullet. The sling bullet hits Duvessa.
The sling bullet freezes Duvessa.
Duvessa is heavily wounded.
Duvessa barely misses you. You furiously retaliate!
You headbutt Duvessa. You shoot a sling bullet. The sling bullet hits Duvessa.
The sling bullet freezes Duvessa.
Duvessa is heavily wounded.
Duvessa barely misses you. You furiously retaliate!
You headbutt Duvessa. Dowan gestures at you while chanting.
The puff of flame hits you. Duvessa misses you.
You hear an angry hiss.
You shoot a sling bullet. The sling bullet hits Duvessa.
The sling bullet freezes Duvessa.
Duvessa is severely wounded.
A water moccasin comes into view.
Duvessa hits you with a +0 short sword! Dowan gestures at you while chanting.
You are outlined in light.
You shoot a sling bullet.
The sling bullet hits Duvessa but does no damage.
Duvessa is severely wounded.
Duvessa hits you with a +0 short sword!
Dowan casts a spell.
Dowan blinks!
You shoot a sling bullet. The sling bullet hits Duvessa.
The sling bullet freezes Duvessa.
Duvessa is almost dead.
Duvessa hits you with a +0 short sword!
You shoot a sling bullet. The sling bullet hits Duvessa.
The sling bullet freezes Duvessa.
Duvessa is almost dead.
The water moccasin bites you. Duvessa hits you with a +0 short sword.
The water moccasin bites you but does no damage.
You shoot a sling bullet.
The sling bullet hits Duvessa but does no damage.
Duvessa is almost dead.
The water moccasin barely misses you. Duvessa hits you with a +0 short sword!
You die...

##### #...#
###.#.# #
#.....# ###.#
#.###.#
.....>#e#.#.#
#.S@#...#
#.###.###
#.###.# ..#
#.# # #.#.#
####..###.#
#.#.#
..#8..8#..#
#...#
.....>....#
#.###
.........#
####...#
#8..8#..#
#...##.#


You could see Duvessa (strong) and a water moccasin.

Vanquished Creatures
  A black bear (D:4)
  An ice beast (D:4)
  An ogre (D:4)
  3 iguanas
  An orc wizard (D:5)
  4 gnolls
  10 adders
  2 ufetubi (D:4)
  4 dart slugs
  9 orcs
  10 ball pythons
  5 bats
  4 endoplasms
  A giant cockroach (D:2)
  6 hobgoblins
  2 jackals (D:2)
  3 kobolds
  A quokka (D:4)
  6 frilled lizards
  4 rats
78 creatures vanquished.

Notes
Turn   | Place    | Note
-------+----------+-------------------------------------------
     0 | D:1      | qw the Minotaur Hexslinger began the quest for the Orb.
     0 | D:1      | Reached XP level 1. HP: 16/16 MP: 1/1
     0 | D:1      | 0 ||| qw: Version: 0.3-a-46-gb1f654a
     0 | D:1      | 0 ||| qw: Game counter: 2941
     0 | D:1      | 0 ||| qw: Melee chars always use a shield: true
     0 | D:1      | 0 ||| qw: God list: Okawaru
     0 | D:1      | 0 ||| qw: Allow faded altars: false
     0 | D:1      | 0 ||| qw: Do Orc after clearing Dungeon:15 true
     0 | D:1      | 0 ||| qw: Do second Lair branch before Depths: true
     0 | D:1      | 0 ||| qw: Lair rune preference: random
     0 | D:1      | 0 ||| qw: Goals: Normal
     0 | D:1      | 0 ||| PLANNING D:1-11
   140 | D:1      | Reached skill level 3 in Ranged Weapons
   140 | D:1      | Reached XP level 2. HP: 18/23 MP: 2/2
   726 | D:1      | 726 ||| UPGRADING to +0 ring mail.
   736 | D:1      | 736 ||| DROPPING +0 robe.
   737 | D:1      | 737 ||| READING scroll labelled EWUROPL QOPISI.
   738 | D:1      | 738 ||| DROPPING scroll of poison.
   750 | D:2      | Reached XP level 3. HP: 19/29 MP: 3/3
   786 | D:2      | 786 ||| FLEEEEING.
   788 | D:2      | 788 ||| STAIRDANCE
   797 | D:1      | 797 ||| READING scroll labelled QEPSERY XUO.
   819 | D:2      | Reached skill level 4 in Ranged Weapons
   988 | D:2      | Reached skill level 1 in Armour
  1106 | D:2      | Reached XP level 4. HP: 36/36 MP: 4/4
  1424 | D:2      | 1424 ||| UPGRADING to +0 cloak.
  1429 | D:2      | 1429 ||| UPGRADING to amulet of guardian spirit.
  1954 | D:3      | HP: 9/36 [orc/+0 flail (5)]
  1955 | D:3      | 1955 ||| READING 2 scrolls of teleportation.
  1956 | D:3      | Reached skill level 5 in Ranged Weapons
  1957 | D:3      | Found a broken altar of Ashenzari.
  2226 | D:3      | 2226 ||| UPGRADING to +0 pair of boots.
  2231 | D:3      | 2231 ||| READING scroll labelled DYURYXT CUORUU.
  2232 | D:3      | 2232 ||| READING 3 scrolls labelled MIAJEUHUTH.
  2233 | D:3      | 2233 ||| READING scroll labelled XEAGOUMPAU.
  2234 | D:3      | 2234 ||| READING scroll labelled KOATIR JECKOAG.
  2235 | D:3      | 2235 ||| READING 2 scrolls of identify.
  2235 | D:3      | 2235 ||| IDENTIFYING fizzy dark potion
  2319 | D:4      | Noticed an ogre
  2328 | D:4      | Killed an ogre
  2329 | D:4      | Reached XP level 5. HP: 16/46 MP: 2/5
  2473 | D:4      | Noticed a black bear
  2479 | D:4      | HP: 4/46 [iguana (8)]
  2480 | D:4      | 2480 ||| READING scroll of teleportation.
  2652 | D:4      | Found a glowing golden altar of the Shining One.
  2660 | D:4      | Noticed an ice beast
  2673 | D:4      | Killed an ice beast
  2674 | D:4      | Reached skill level 6 in Ranged Weapons
  2674 | D:4      | Reached XP level 6. HP: 37/52 MP: 3/6
  2679 | D:4      | HP: 8/52 [black bear (6)]
  3172 | D:4      | Reached skill level 7 in Ranged Weapons
  3516 | D:4      | Reached XP level 7. HP: 41/59 MP: 3/7
  3648 | D:4      | 3648 ||| UPGRADING to ring of poison resistance.
  3649 | D:4      | 3649 ||| READING scroll labelled SYDAGU CIOXI.
  3650 | D:4      | 3650 ||| READING 3 scrolls of identify.
  3650 | D:4      | 3650 ||| IDENTIFYING emerald potion
  3651 | D:4      | 3651 ||| READING 2 scrolls of identify.
  3651 | D:4      | 3651 ||| IDENTIFYING purple potion
  3690 | D:5      | Entered Level 5 of the Dungeon
  3801 | D:5      | Noticed Duvessa
  3805 | D:5      | Noticed Dowan
  3814 | D:5      | HP: 10/59 [Duvessa/+0 short sword (6)]
  3816 | D:5      | Slain by Duvessa

Levels and vault maps discovered:
D:1:      ldierk_walled_garden, layout_loops_ring, nicolae_hexahallways,
          corexii_leaking_fountain, grunt_decor_cap
D:2:      layout_loops_ring, kennysheep_generic_room_10
D:3:      layout_basic, ashenzari_altar_1, kennysheep_generic_room_5
D:4:      layout_basic, lemuel_crystal_altar
D:5:      layout_basic, st_stairs_6, grunt_decor_arrowhead, uniq_duvessa,
          uniq_sigmund

Skill      XL: |  1  2  3  4  5  6 |
---------------+-------------------+-----
Ranged Weapons | 3 4 5 6 7 |  7.4
Fighting       | 2 4 |  4.2
Armour         | 1 2 |  2.0
Dodging        | |  2.1
Spellcasting   | |  1.0
Hexes          | |  2.0

Action                     |  1- 3 |  4- 6 |  7- 9 || total
---------------------------+-------+-------+-------++-------
   Fire: Sling             |    79 |   177 |    31 ||   287
    Use: Scroll            |     2 |     7 |     3 ||    12
 Armour: Robe              |     2 |       |       ||     2
         Ring mail         |    12 |    56 |     6 ||    74
  Dodge: Dodged            |    16 |    64 |     7 ||    87

Table legend:
 A = Non-vault XP
 B = Vault XP
 C = Vault XP percentage of total XP
 D = Non-vault monster count
 E = Vault monster count
 F = Vault count percentage of total count
                 A         B        C        D         E       F
            +---------+---------+-------+---------+---------+-------
      Total |     817 |      14 |   1.7 |      76 |       2 |   2.6
            +---------+---------+-------+---------+---------+-------
        D:1 |      36 |       0 |   0.0 |      13 |       0 |   0.0
        D:2 |      76 |       0 |   0.0 |      17 |       0 |   0.0
        D:3 |      55 |      14 |  20.3 |      21 |       2 |   8.7
        D:4 |     572 |       0 |   0.0 |      21 |       0 |   0.0
        D:5 |      78 |       0 |   0.0 |       4 |       0 |   0.0
            +---------+---------+-------+---------+---------+-------
